 Dungeon Sprint DCSS version 0.31-a0-983-g7b6862f502 (webtiles) character file.

Game seed: 16882704356858912132

165 zazu2006 the Covert (level 5, -6/61 HPs)
             Began as a Gnoll Wanderer on Nov 3, 2023.
             Mangled by a fire elemental (8 damage)
             ... summoned by a deep elf pyromancer
             ... in the Dungeon (Sprint III: "The Ten Rune Challenge").
             The game lasted 00:03:24 (158 turns).

zazu2006 the Covert (Gnoll Wanderer)                 Turns: 158, Time: 00:03:24

Health: -6/61      AC:  2    Str: 11    XL:     5   Next: 46%
Magic:  8/10       EV: 13    Int: 11    God:
Gold:   24         SH:  0    Dex: 14    Spells: 11/11 levels left

rFire   . . .        a - +2 dagger
rCold   . . .        (no shield)
rNeg    . . .        f - +0 robe
rPois   .            (no helmet)
rElec   .            (no cloak)
rCorr   .            (no gloves)
SInv    .            (no boots)
Will    .....        (no amulet) Stlth
                     (no ring)
HPRegen 0.30/turn    (no ring)
MPRegen 0.12/turn

%: no teleportation
@: berserking, very quick
A: fangs 1, strong nose, distributed training
a: no special abilities


You were in the Dungeon.
You visited 1 branch You collected 24 gold pieces.

Inventory:

Hand Weapons
 a - a +2 dagger (weapon)
 c - a +0 hand axe
 n - a +0 dagger of venom
Armour
 f - a +0 robe (worn)
Scrolls
 d - a scroll of silence
 k - a scroll of blinking
 m - a scroll of summoning {unknown}
 p - 2 scrolls of immolation {unknown}
 q - 2 scrolls of identify {unknown}
Potions
 b - a potion of berserk rage
 e - a potion of attraction
 g - a potion of curing
 h - a potion of heal wounds
 i - a potion of haste
 j - 2 potions of magic
 l - 5 potions of enlightenment
 o - 6 potions of mutation


   Skills:
 + Level 3.6 Fighting
 + Level 3.6 Short Blades
 + Level 3.6 Long Blades
 + Level 5.9 Axes
 + Level 3.6 Maces & Flails
 + Level 3.6 Polearms
 + Level 3.6 Staves
 + Level 3.6 Ranged Weapons
 + Level 3.6 Throwing
 + Level 4.5 Armour
 + Level 4.5 Dodging
 + Level 8.7 Stealth
 + Level 3.6 Shields
 + Level 3.6 Unarmed Combat
 + Level 3.6 Spellcasting
 + Level 3.0 Conjurations
 + Level 3.0 Hexes
 + Level 3.0 Summonings
 + Level 3.0 Necromancy
 + Level 3.0 Translocations
 + Level 3.0 Transmutations
 + Level 3.0 Fire Magic
 + Level 3.0 Ice Magic
 + Level 3.0 Air Magic
 + Level 3.0 Earth Magic
 + Level 3.0 Poison Magic
 + Level 4.8 Invocations
 + Level 4.5 Evocations
 + Level 3.3 Shapeshifting


You had 11 spell levels left.
You didn't know any spells.
Your spell library was empty.

Dungeon Overview and Level Annotations

Branches:
Dungeon (1/1)

Altars:
Elyvilon
Zin
The Shining One


Innate Abilities, Weirdness & Mutations

You have very sharp teeth.
Your uncanny sense of smell can sniff out nearby items.
Your experience applies equally to all skills.


Message History

Your Conjurations skill increases to level 3!
Your Hexes skill increases to level 3!
Your Summonings skill increases to level 3!
Your Necromancy skill increases to level 3!
Your Translocations skill increases to level 3!
Your Transmutations skill increases to level 3!
Your Fire Magic skill increases to level 3!
Your Ice Magic skill increases to level 3!
Your Air Magic skill increases to level 3!
Your Earth Magic skill increases to level 3!
Your Poison Magic skill increases to level 3!
Your Shapeshifting skill increases to level 3!
You have reached level 5!
Unknown command.
You open the door.
Found a glowing silver altar of Zin.
A deep elf pyromancer comes into view.
It is wielding a +0 long sword of holy wrath.
Found a potion of curing.
Found two altars.
There is an open door here.
The deep elf pyromancer shouts!
The deep elf pyromancer gestures wildly while chanting.
A red film seems to cover your vision as you go berserk!
You feel yourself moving faster!
You feel mighty!
The deep elf pyromancer barely misses you.
The fire elemental hits you. The fire elemental burns you!
The fire elemental hits you. The fire elemental burns you!
You puncture the deep elf pyromancer! You bite the deep elf pyromancer!
The deep elf pyromancer is heavily wounded.
The deep elf pyromancer hits you with a +0 long sword of holy wrath!
The fire elemental hits you. The fire elemental burns you!
* * * LOW HITPOINT WARNING * * *
Unknown command.
You puncture the deep elf pyromancer!
The deep elf pyromancer is severely wounded.
The fire elemental hits you. The fire elemental burns you!
* * * LOW HITPOINT WARNING * * *
You hit the deep elf pyromancer.
The deep elf pyromancer is almost dead.
The fire elemental hits you. The fire elemental burns you!
You die...

▓▓▓▓▓▓▓▓ ▓▓▓ ..'....♣ ♣
♣.##### ..#..†.♣.♣
♣♣.#__E# ∆ ###....♣.♣
..#e@.# ∆ ∆
..#....~♣♣♣♣♣.###E#+###+
..#...~~♣..♣♣.#..........
..#..~~~~.♣.♣.'.⌠........
#'#..~≈≈~~~♣..#...######+
..#.~~≈~~~....#.⌠.#
..#.~≈~~~.....#...#∆
..#.~~~..†....#+###
###...........# ∆∆


You could see a deep elf pyromancer and 2 fire elementals.

Vanquished Creatures
  A scorpion (D)
  A water elemental (D)
  Jessica (D)
  A human (D)
  An endoplasm (D)
  2 rats (D)
7 creatures vanquished.

Notes
Turn   | Place    | Note
-------+----------+-------------------------------------------
     0 | D        | zazu2006 the Gnoll Wanderer began the quest for the Orb.
     0 | D        | zazu2006 set off with the following items: a +2 dagger, 2
                  | potions of berserk rage, a +0 hand axe, a scroll of
                  | silence, a potion of attraction, a +0 robe, a potion of
                  | curing, a potion of heal wounds, a potion of haste, 2
                  | potions of magic, a scroll of blinking.
     0 | D        | Reached XP level 1. HP: 13/13 MP: 2/2
    12 | D        | Noticed Jessica
    16 | D        | Killed Jessica
    17 | D        | Reached skill level 1 in Fighting
    17 | D        | Reached skill level 1 in Short Blades
    17 | D        | Reached skill level 1 in Long Blades
    17 | D        | Reached skill level 1 in Maces & Flails
    17 | D        | Reached skill level 1 in Polearms
    17 | D        | Reached skill level 1 in Staves
    17 | D        | Reached skill level 1 in Ranged Weapons
    17 | D        | Reached skill level 1 in Throwing
    17 | D        | Reached skill level 8 in Stealth
    17 | D        | Reached skill level 1 in Shields
    17 | D        | Reached skill level 1 in Unarmed Combat
    17 | D        | Reached skill level 1 in Spellcasting
    17 | D        | Reached skill level 1 in Conjurations
    17 | D        | Reached skill level 1 in Hexes
    17 | D        | Reached skill level 1 in Summonings
    17 | D        | Reached skill level 1 in Necromancy
    17 | D        | Reached skill level 1 in Translocations
    17 | D        | Reached skill level 1 in Transmutations
    17 | D        | Reached skill level 1 in Fire Magic
    17 | D        | Reached skill level 1 in Ice Magic
    17 | D        | Reached skill level 1 in Air Magic
    17 | D        | Reached skill level 1 in Earth Magic
    17 | D        | Reached skill level 1 in Poison Magic
    17 | D        | Reached skill level 1 in Shapeshifting
    17 | D        | Reached XP level 2. HP: 22/22 MP: 2/4
    17 | D        | Reached XP level 3. HP: 27/27 MP: 2/5
    33 | D        | Noticed a scorpion
    40 | D        | Killed a scorpion
    41 | D        | Reached skill level 5 in Axes
    41 | D        | Reached XP level 4. HP: 34/34 MP: 4/8
   147 | D        | Noticed a water elemental
   150 | D        | Killed a water elemental
   151 | D        | Reached XP level 5. HP: 41/41 MP: 8/10
   152 | D        | Found a glowing silver altar of Zin.
   153 | D        | Found a glowing golden altar of the Shining One.
   153 | D        | Found a white marble altar of Elyvilon.
   153 | D        | Noticed a deep elf pyromancer
   155 | D        | Noticed a fire elemental
   155 | D        | Noticed a fire elemental
   157 | D        | HP: 2/61 [fire elemental[a deep elf pyromancer] (9)]
   158 | D        | Mangled by a fire elemental

Illustrated notes

Levels and vault maps discovered:
D:        dungeon_sprint_mu [sprint_mu_entry_forest, sprint_mu_temple_rooms,
          sprint_mu_d1_horrors, sprint_mu_d2_genie, sprint_mu_d3_branching,
          sprint_mu_orc_legion, sprint_mu_elf_gauntlet, sprint_mu_hive_nellie,
          sprint_mu_lair_fedhas, sprint_mu_vaults_butterflies,
          sprint_mu_slime_circle, sprint_mu_shoals_kraken,
          sprint_mu_snake_twists, sprint_mu_blade_basic, sprint_mu_crypt_lich,
          sprint_mu_tomb_spiral, sprint_mu_vestibule_basic,
          sprint_mu_gehenna_hellfire, sprint_mu_dis_giant,
          sprint_mu_tartarus_statrot, sprint_mu_cocytus_islands, sprint_mu_zot1]

Skill      XL: |  1  2  3  4 |
---------------+-------------+-----
Fighting       | 1 2 3 |  3.6
Short Blades   | 1 2 3 |  3.6
Long Blades    | 1 2 3 |  3.6
Maces & Flails | 1 2 3 |  3.6
Polearms       | 1 2 3 |  3.6
Staves         | 1 2 3 |  3.6
Ranged Weapons | 1 2 3 |  3.6
Throwing       | 1 2 3 |  3.6
Armour         | 3 4 |  4.5
Dodging        | 3 4 |  4.5
Stealth        | 8 |  8.7
Shields        | 1 2 3 |  3.6
Unarmed Combat | 1 2 3 |  3.6
Spellcasting   | 1 2 3 |  3.6
Conjurations   | 1 2 3 |  3.0
Hexes          | 1 2 3 |  3.0
Summonings     | 1 2 3 |  3.0
Necromancy     | 1 2 3 |  3.0
Translocations | 1 2 3 |  3.0
Transmutations | 1 2 3 |  3.0
Fire Magic     | 1 2 3 |  3.0
Ice Magic      | 1 2 3 |  3.0
Air Magic      | 1 2 3 |  3.0
Earth Magic    | 1 2 3 |  3.0
Poison Magic   | 1 2 3 |  3.0
Invocations    | 3 4 |  4.8
Evocations     | 3 4 |  4.5
Shapeshifting  | 1 2 3 |  3.3
Axes           | 5 |  5.9

Action                     |  1- 3 |  4- 6 || total
---------------------------+-------+-------++-------
  Melee: Dagger            |     5 |     4 ||     9
         Hand axe          |       |    20 ||    20
         Bite              |       |     4 ||     4
    Use: Potion            |       |     1 ||     1
   Stab: Sleeping          |     5 |     1 ||     6
 Armour: Robe              |       |    21 ||    21
  Dodge: Dodged            |       |    11 ||    11

Table legend: (Time is in decaauts)
 A = Elapsed time spent in this place.
 B = Non-inter-level travel time spent in this place.
 C = Inter-level travel time spent in this place.
 D = Time resting spent in this place.
 E = Time spent auto-exploring this place.
 F = Levels seen in this place.
 G = Mean time per level.
                   A        B        C        D        E       F      G
               +--------+--------+--------+--------+--------+-----+--------+
         Total |    156 |    156 |      0 |     48 |      0 |   1 |  156.0 |
       Dungeon |    156 |    156 |      0 |     48 |      0 |   1 |  156.0 |
               +--------+--------+--------+--------+--------+-----+--------+

Top non-repeatable levels by time:
       D: 156 daAuts
